 Dungeon Crawl Stone Soup version 0.18.1-48-g4cf74bf (webtiles) character file.

492 Alarkh the Shooter (level 6, 0/44 HPs)
             Began as a Mummy Hunter on Sept 6, 2016.
             Incinerated by Biblin's ghost (6 damage)
             ... with a sticky flame
             ... on level 5 of the Dungeon.
             The game lasted 00:05:33 (3449 turns).

Alarkh the Shooter (Mummy Hunter)                   Turns: 3449, Time: 00:05:34

Health: 0/44       AC: 13    Str: 22    XL:     6   Next: 91%
Magic:  6/6        EV: 11    Int: 12    God:
Gold:   162        SH:  0    Dex: 12    Spells: 0 memorised, 5 levels left

rFire  x . .     SeeInvis .     a - +1 shortbow
rCold  + + .     Gourm    .     s - +3 ring mail "Ront" {rC+ Str+6 Stlth+}
rNeg   + + +     Faith    .     (shield currently unavailable)
rPois  ∞         Spirit   .     (no helmet)
rElec  .         Dismiss  .     (no cloak)
rCorr  .         Reflect  .     p - +1 pair of gloves
SustAt .         Harm     .     (no boots)
MR     .....     Rnd*Tele +     (no amulet)
Stlth  +.........               e - +3 ring of protection
                                h - ring of teleportation (curse)

@: liquid flames, glowing, not resistant to hostile enchantments, very
unstealthy
A: no food or potions, fire vulnerability, cold resistance 1, negative energy
resistance 3, torment resistance, unbreathing
a: no special abilities


You were on level 5 of the Dungeon.
You were not hungry.

You visited 1 branch of the dungeon, and saw 6 of its levels.

You collected 162 gold pieces.

Inventory:

Hand Weapons
 a - a +1 shortbow (weapon)
 b - a +0 short sword
 k - a +3 mace of protection
Missiles
 d - 27 arrows (quivered)
Armour
 c - a +0 leather armour
 f - a +0 pair of gloves
 p - a +1 pair of gloves (worn)
 s - the +3 ring mail "Ront" (worn) {rC+ Str+6 Stlth+}
   (You found it on level 4 of the Dungeon)

   It affects your strength (+6).
   It protects you from cold.
   It makes you more stealthy.
Jewellery
 e - a +3 ring of protection (right hand)
 h - a cursed ring of teleportation (left hand)
 j - an uncursed ring of flight
Wands
 o - a wand of disintegration (13/24)
 q - a wand of digging (11/24)
 v - a wand of lightning (6/15)
Scrolls
 g - a scroll of fear
 i - 4 scrolls of teleportation
 l - a scroll of fog {unknown}
 m - a scroll of magic mapping {unknown}
 n - a scroll of identify {unknown}
 r - a scroll of amnesia {unknown}
 t - a scroll of enchant armour {unknown}
 u - a scroll of remove curse {unknown}


   Skills:
 - Level 2.0 Fighting
 + Level 7.0 Bows
 - Level 1.5 Dodging
 - Level 0.7 Stealth


You had 5 spell levels left.
You didn't know any spells.

Dungeon Overview and Level Annotations

Branches:
Dungeon (6/15)
 Temple: D:4-7

Altars:
Qazlal
Ru
Yredelemnul
Zin

Annotations:
D:5 Biblin's ghost, novice GrFE


Innate Abilities, Weirdness & Mutations

You do not eat or drink.
Your flesh is vulnerable to fire.
You are immune to poison.
Your flesh is cold resistant.
You are immune to negative energy.
You are immune to unholy pain and torment.
You can survive without breathing.


Message History

The flame tongue misses you.
Firing (i - inventory):
d - 28 arrows (quivered)
Press: ? - help, Shift-Dir - straight line, f/p - Biblin's ghost
Aim: Biblin's ghost (moderately damaged)
You shoot an arrow. The arrow misses Biblin's ghost.
You are covered in liquid flames!
Biblin's ghost shouts, "You will join me soon!"
Biblin's ghost sprays you with burning goo.
The sticky flame hits you!
You are covered in liquid flames!
You are covered in liquid flames!
You are covered in liquid flames!
You are covered in liquid flames!
You are covered in liquid flames!
* * * LOW HITPOINT WARNING * * *
You are covered in liquid flames!
* * * LOW HITPOINT WARNING * * *
There is an open door here.
You are covered in liquid flames!
You die...

###................#.#
###+#.....##..............
#..........$...........#..
#.................#....#..
............#.....####....
#.......#(..#.............
###(.....#(..#.....####....
.(.(.....#>.(#.....#.......
........W#@..#.....#.###...
....(....'...#.....# #...
.........#...#.....# ##..
......(..'.(.......# ####..
...%..(..#.........# #.....
.......(.#.........# #.....
?............###.### #.....
...##....#.#####+#####.....
.. #.....#.................


There were no monsters in sight!

Vanquished Creatures
  Sigmund (D:2)
  A scorpion (D:4)
  The ghost of Biblin the Firebug, a weakling GrFE (D:3)
  A jelly (D:5)
  An iguana (D:5)
  3 worker ants
  5 adders
  An ooze (D:5)
  A worm (D:3)
  A dart slug (D:2)
  2 giant geckos
  4 orcs
  5 giant cockroaches
  7 goblins
  3 hobgoblins (D:1)
  3 jackals (D:4)
  6 kobolds
  2 quokkas
  4 bats
  3 giant newts
  4 rats
59 creatures vanquished.

Vanquished Creatures (others)
  A hound (D:6)
1 creature vanquished.

Grand Total: 60 creatures vanquished

Notes
Turn   | Place    | Note
--------------------------------------------------------------
     0 | D:1      | Alarkh the Mummy Hunter began the quest for the Orb.
     0 | D:1      | Reached XP level 1. HP: 16/16 MP: 1/1
   132 | D:1      | Reached XP level 2. HP: 22/22 MP: 2/2
   642 | D:2      | Reached skill level 4 in Bows
   785 | D:2      | Reached XP level 3. HP: 27/27 MP: 3/3
   802 | D:2      | Noticed Sigmund
   836 | D:3      | Found a glowing silver altar of Zin.
   837 | D:3      | Noticed Biblin's ghost (weakling GrFE)
   853 | D:3      | Killed Biblin's ghost
   853 | D:3      | Reached XP level 4. HP: 7/33 MP: 4/4
  1156 | D:3      | Found a basalt altar of Yredelemnul.
  2161 | D:2      | Killed Sigmund
  2161 | D:2      | Reached skill level 6 in Bows
  2161 | D:2      | Reached XP level 5. HP: 38/38 MP: 5/5
  2233 | D:2      | Found a stormy altar of Qazlal.
  2681 | D:4      | Got a transparent ring mail
  2692 | D:4      | Identified the +3 ring mail "Ront" {rC+ Str+6 Stlth+} (You found it on level 4 of the Dungeon)
  2708 | D:4      | Reached XP level 6. HP: 38/44 MP: 6/6
  2974 | D:4      | Found a sacrificial altar of Ru.
  3184 | D:5      | Entered Level 5 of the Dungeon
  3373 | D:5      | Noticed Biblin's ghost (novice GrFE)
  3395 | D:6      | Reached skill level 7 in Bows
  3449 | D:5      | Incinerated by Biblin's ghost

Skill      XL: |  1  2  3  4  5  6 |
---------------+-------------------+-----
Bows           | 4 6 7 |  7.0
Fighting       | |  2.0
Dodging        | |  1.5
Stealth        | |  0.7

Action                   |  1- 3 |  4- 6 || total
-------------------------+-------+-------++-------
Melee: Mace              |       |    22 ||    22
 Fire: Shortbow          |    82 |   147 ||   229
  Use: Scroll            |     3 |     2 ||     5
Armor: Leather armour    |    22 |    17 ||    39
       Ring mail         |       |    21 ||    21
Dodge: Dodged            |    31 |    38 ||    69
